 Dungeon Crawl Stone Soup version 0.21.0-24-g2553a3340b (webtiles) character file.

20463 Peloso the Blocker (level 12, -1/109 HPs)
             Began as a Deep Dwarf Fighter on Jan 20, 2018.
             Was a High Priest of Okawaru.
             Killed from afar by Nergalle (34 damage)
             ... with a bolt of negative energy
             ... on level 3 of the Lair of Beasts.
             The game lasted 00:42:30 (12421 turns).

Peloso the Blocker (Deep Dwarf Fighter)            Turns: 12421, Time: 00:42:30

Health: -1/109     AC: 35    Str: 28    XL:     12   Next: 45%
Magic:  11/11      EV: 10    Int: 10    God:    Okawaru [*****.]
Gold:   775        SH: 14    Dex: 12    Spells: 11/11 levels left

rFire    + . .     SeeInvis .   Q - +2 double sword
rCold    + + .     Gourm    +   c - +1 shield
rNeg     . . .     Faith    .   b - +10 crystal plate armour of Ysolew {-Tele rC+ Int+3}
rPois    .         Spirit   .   o - +0 helmet
rElec    .         Reflect  .   S - scarf {rC+ rF+}
rCorr    +         Harm     .   I - +2 pair of gloves
MR       +....     NoTele   +   F - +0 pair of boots of the Bulwark {Regen+ rCorr Str+4 Int-3}
Stlth    ..........             g - amulet of the gourmand
HPRegen  0.00/turn              U - +5 ring of evasion
MPRegen  0.12/turn              (no ring)

@: non-regenerating, drained
A: damage resistance, heal wounds, sense surroundings 2, no regeneration
a: Heal Wounds, Heroism, Finesse, Renounce Religion


You were on level 3 of the Lair of Beasts.
You worshipped Okawaru.
Okawaru was extremely pleased with you.
You were not hungry.

You visited 3 branches of the dungeon, and saw 15 of its levels.
You also visited: Bailey.

You collected 775 gold pieces.

Inventory:

Hand Weapons
 a - a +2 long sword of electrocution
 s - a +2 vampiric hand axe
 t - a +3 scimitar of flaming
 H - a +3 falchion
 Q - a +2 double sword (weapon)
Armour
 b - the +10 crystal plate armour of Ysolew (worn) {-Tele rC+ Int+3}
   (You found it in a bailey)

   It affects your intelligence (+3).
   It protects you from cold.
   It prevents most forms of teleportation.
 c - a +1 shield (worn)
 o - a +0 helmet (worn)
 F - the +0 pair of boots of the Bulwark (worn) {Regen+ rCorr Str+4 Int-3}
   (You found it in a bailey)

   It affects your strength (+4).
   It affects your intelligence (-3).
   It increases your rate of regeneration.
   It protects you from acid and corrosion.
 I - a +2 pair of gloves (worn)
 S - a scarf of resistance (worn)
Jewellery
 g - an amulet of the gourmand (around neck)
 z - a +6 amulet of reflection
 A - a +2 amulet of reflection
 B - an uncursed amulet of rage
 U - a +5 ring of evasion (left hand)
Wands
 h - a wand of paralysis (9)
 i - a wand of clouds (5)
 k - a wand of polymorph (10)
 m - a wand of disintegration (45)
 w - a wand of random effects (14)
 y - a wand of flame (22)
 M - a wand of scattershot (4)
Scrolls
 d - 3 scrolls of amnesia
 e - 6 scrolls of remove curse
 n - 3 scrolls of blinking
 q - 2 scrolls of fog
 v - 5 scrolls of teleportation
 J - 6 scrolls of identify
 L - 2 scrolls of enchant armour
 O - a scroll of fear
Potions
 j - 5 potions of heal wounds
 l - a potion of brilliance
 p - 2 potions of resistance
 r - 3 potions of mutation
 x - 4 potions of curing
 C - 3 potions of agility {unknown}
 G - 2 potions of cancellation
 N - 3 potions of flight
 P - 2 potions of berserk rage {unknown}
 R - a potion of invisibility {unknown}
 T - 2 potions of ambrosia {unknown}
Books
 u - a book of Misfortune

   Spells                             Type                      Level
   a - Confusing Touch                Hexes                        1
   b - Confuse                        Hexes                        3
   c - Gell's Gravitas                Translocation                3
   d - Petrify                        Transmutation/Earth          4
   e - Metabolic Englaciation         Hexes/Ice                    5
   f - Yara's Violent Unravelling     Hexes/Transmutation          5
 D - a book of Conjurations

   Spells                             Type                      Level
   a - Magic Dart                     Conjuration                  1
   b - Searing Ray                    Conjuration                  2
   c - Dazzling Spray                 Conjuration/Hexes            3
   d - Fulminant Prism                Conjuration/Hexes            4
   e - Force Lance                    Conjuration/Translocation    4
   f - Iskenderun's Mystic Blast      Conjuration                  4
 E - a book of Necromancy

   Spells                             Type                      Level
   a - Pain                           Necromancy                   1
   b - Animate Skeleton               Necromancy                   1
   c - Vampiric Draining              Necromancy                   3
   d - Regeneration                   Charms/Necromancy            3
   e - Animate Dead                   Necromancy                   4
   f - Borgnjor's Vile Clutch         Necromancy/Earth             5
 K - a book of Maledictions

   Spells                             Type                      Level
   a - Corona                         Hexes                        1
   b - Ensorcelled Hibernation        Hexes/Ice                    2
   c - Confuse                        Hexes                        3
   d - Tukima's Dance                 Hexes                        3
   e - Dazzling Spray                 Conjuration/Hexes            3
Comestibles
 f - 26 rations


   Skills:
 + Level 7.5(6.3) Fighting
 + Level 11.5(10.2) Long Blades
 + Level 8.4(7.2) Axes
 + Level 9.6(8.4) Armour
 + Level 2.5(1.5) Dodging
 + Level 1.6(0.6) Stealth
 + Level 11.7(10.4) Shields
 + Level 1.6(0.6) Invocations
 + Level 2.7(1.6) Evocations


You had 11 spell levels left.
You didn't know any spells.

Dungeon Overview and Level Annotations

Branches:
Dungeon (11/15)            Temple (1/1) D:7            Lair (3/6) D:10
 Shoals (0/4) Lair:2          Orc (0/2) D:9
  Snake: Lair:2-4    Spider: Lair:2-4

Altars:
Dithmenos
Elyvilon
Fedhas
Kikubaaqudgha
Nemelex Xobeh
Okawaru
Ru
Sif Muna
Trog
Vehumet
Wu Jian
Xom
Yredelemnul
The Shining One

Shops:
D:5 (   D:6 %   D:11 =

Portals:
Trove: D:11 (give 7 potions of agility)

Annotations:
Lair:3 Nergalle


Innate Abilities, Weirdness & Mutations

You are resistant to damage.
You can heal yourself by infusing magical energy.
You passively map the area around you.
You do not regenerate.


Message History

Nergalle is moderately wounded.
Nergalle casts a spell at you. The bolt of negative energy misses you.
Nergalle hits you but does no damage.
You hit Nergalle but do no damage.
Nergalle is moderately wounded.
Nergalle shouts, "Kill, kill, my pretties!"
Nergalle gestures at you while chanting.
The bolt of negative energy hits you!
You feel drained.
You slash Nergalle!
Nergalle is heavily wounded.
You block Nergalle's attack.
Nergalle points at the spectral orc and mumbles some strange words.
You hit Nergalle but do no damage.
Nergalle is heavily wounded.
You block Nergalle's attack.
You slice Nergalle!!
Nergalle is almost dead.
Nergalle gestures at you while chanting.
The bolt of negative energy hits you!
You feel drained.
You die...

, * , ., * **#o. *
#.... * , * ..... ,
#####..... , ,
#@##......... ,
###oZ..........
##^.Z...##.......
,,
#.......##.......,
#.......#........ ,
#......P#P........,
###....PP..........
##..........#......
** *
#..................


You could see Nergalle, a spectral orc and a spectral orc warrior.

Vanquished Creatures
  The ghost of TheWayOfAllFlesh the Cruncher, a journeyman FoAK of Lugonu (Lair:3)
  Erica (D:8)
  The ghost of kmx the Frost Mage, a journeyman DsIE of Vehumet (Lair:3)
  2 two-headed ogres (D:11)
  A death yak (Lair:2)
  Urug (Lair:2)
  A lindwurm (Lair:3)
  2 orc knights (Bailey)
  2 ugly things
  An oklob plant (Lair:1)
  2 black mambas
  A merfolk siren (Lair:2)
  A torpor snail (Lair:2)
  3 spiny frogs
  The ghost of Stone the Caller, a novice BaSu of Cheibriados (D:6)
  A komodo dragon (Lair:2)
  3 jumping spiders (Lair:3)
  2 trolls (D:10)
  A hornet (D:11)
  2 hippogriffs
  A spriggan (D:8)
  2 wyverns (D:11)
  2 hungry ghosts (D:11)
  The ghost of Syrinius the Sneak, an amateur OpIE of Zin (D:4)
  5 water moccasins
  4 porcupines
  2 ice beasts
  A black bear (D:11)
  3 sky beasts
  10 orc warriors
  A phantom (D:10)
  13 wolves
  3 ogres
  4 centaurs
  6 crocodiles
  A big kobold (D:10)
  A gnoll sergeant (D:10)
  6 bullfrogs
  3 scorpions
  3 wyvern skeletons
  4 killer bees (D:10)
  8 wights
  2 electric eels (D:10)
  6 crimson imps
  A quasit (D:6)
  3 bullfrog zombies
  10 hounds
  9 orc priests
  A centaur skeleton (D:11)
  3 jellies
  21 orc wizards
  2 bullfrog skeletons
  Natasha (thrice) (D:3)
  4 iguanas
  9 worker ants
  A hound zombie (D:10)
  A worker ant zombie (D:10)
  5 gnolls
  12 adders
  2 shadow imps
  An ooze (D:1)
  2 adder skeletons
  5 worms
  6 dart slugs
  4 leopard geckos
  59 orcs
  A ball python (D:3)
  7 giant cockroaches
  14 goblins
  10 hobgoblins
  8 jackals
  4 quokkas
  9 bats
  6 frilled lizards
  A jackal skeleton (D:5)
  9 kobolds
  2 quokka skeletons (D:4)
  15 rats
  3 fungi
375 creatures vanquished.

Vanquished Creatures (others)
  A fungus (D:10)
1 creature vanquished.

Grand Total: 376 creatures vanquished

Notes
Turn   | Place    | Note
-------+----------+-------------------------------------------
     0 | D:1      | Peloso the Deep Dwarf Fighter began the quest for the Orb.
     0 | D:1      | Reached XP level 1. HP: 20/20 MP: 1/1
   197 | D:1      | Reached XP level 2. HP: 17/27 MP: 2/2
   427 | D:1      | Reached XP level 3. HP: 17/34 MP: 3/3
  1011 | D:2      | Noticed an ogre
  1024 | D:2      | Reached skill level 1 in Dodging
  1024 | D:2      | Reached XP level 4. HP: 32/42 MP: 3/3
  1028 | D:2      | Killed an ogre
  1028 | D:2      | Reached XP level 5. HP: 15/49 MP: 4/4
  2132 | D:3      | Noticed Natasha
  2142 | D:3      | Killed Natasha
  2142 | D:3      | Reached XP level 6. HP: 25/56 MP: 5/5
  2291 | D:3      | Noticed Natasha
  2299 | D:3      | Killed Natasha
  2368 | D:3      | Noticed Natasha
  2375 | D:3      | Killed Natasha
  3130 | D:4      | Noticed Syrinius's ghost (amateur OpIE)
  3150 | D:4      | Killed Syrinius's ghost
  3150 | D:4      | Reached skill level 5 in Long Blades
  3150 | D:4      | Reached XP level 7. HP: 6/64 MP: 6/6
  3637 | D:4      | Reached skill level 5 in Armour
  3757 | D:5      | Entered Level 5 of the Dungeon
  3848 | D:5      | Reached skill level 5 in Shields
  3910 | D:5      | HP: 2/64 [something (5)]
  4104 | D:5      | Reached XP level 8. HP: 15/73 MP: 7/7
  4278 | D:5      | Found Curet's Weapon Boutique.
  4802 | D:6      | Found Uzebas's Food Shop.
  4972 | D:6      | Noticed Stone's ghost (novice BaSu)
  5009 | D:6      | Killed Stone's ghost
  5238 | D:6      | Found a radiant altar of Vehumet.
  5511 | D:7      | Gained mutation: You passively map the area around you. [Deep Dwarf growth]
  5511 | D:7      | Reached XP level 9. HP: 34/80 MP: 7/7
  5520 | D:7      | Found a flagged portal.
  5536 | Bailey   | Entered a bailey
  5615 | Bailey   | Noticed an orc knight
  5686 | Bailey   | Noticed an orc knight
  5689 | Bailey   | HP: 3/80 [orc knight/glaive (23)]
  5719 | Bailey   | Killed an orc knight
  5719 | Bailey   | Reached skill level 5 in Fighting
  5719 | Bailey   | Reached skill level 1 in Stealth
  5758 | Bailey   | Got a pair of steaming boots
  5764 | Bailey   | Identified the +0 pair of boots of the Bulwark {Regen+ rCorr Str+4 Int-3} (You found it in a bailey)
  5774 | Bailey   | Got a pitted crystal plate armour
  5780 | Bailey   | Identified the +10 crystal plate armour of Ysolew {-Tele rC+ Int+3} (You found it in a bailey)
  5796 | Bailey   | Killed an orc knight
  5796 | Bailey   | Reached skill level 1 in Evocations
  6478 | D:7      | Found a staircase to the Ecumenical Temple.
  6489 | Temple   | Entered the Ecumenical Temple
  6507 | Temple   | Became a worshipper of Warmaster Okawaru
  7040 | D:8      | Noticed Erica
  7050 | D:8      | Killed Erica
  7050 | D:8      | Reached * piety under Okawaru
  7050 | D:8      | Reached XP level 10. HP: 37/88 MP: 8/8
  7243 | D:9      | Reached skill level 10 in Long Blades
  7333 | D:9      | Found a staircase to the Orcish Mines.
  7932 | D:9      | Reached skill level 1 in Axes
  8122 | D:9      | Found a sparkling altar of Nemelex Xobeh.
  8382 | D:10     | Entered Level 10 of the Dungeon
  8420 | D:10     | Found a white marble altar of Elyvilon.
  8471 | D:10     | Reached ** piety under Okawaru
  8628 | D:10     | Noticed a cyan ugly thing
  8649 | D:10     | Killed a cyan ugly thing
  8879 | D:10     | Reached *** piety under Okawaru
  9094 | D:10     | Reached skill level 10 in Shields
  9101 | D:10     | Reached XP level 11. HP: 94/97 MP: 7/9
  9113 | D:10     | Reached skill level 5 in Axes
  9120 | D:10     | Reached skill level 1 in Invocations
  9127 | D:10     | Found a staircase to the Lair.
  9255 | D:11     | Found a portal to a secret trove of treasure.
  9372 | D:11     | Paralysed by a hornet for 3 turns
  9593 | D:11     | Reached **** piety under Okawaru
  9662 | D:11     | Noticed a white ugly thing
  9675 | D:11     | Killed a white ugly thing
  9717 | D:11     | Found Wured's Jewellery Shop.
 10136 | D:11     | Noticed a two-headed ogre
 10137 | D:11     | Noticed a two-headed ogre
 10157 | D:11     | Killed a two-headed ogre
 10175 | D:11     | Killed a two-headed ogre
 10175 | D:11     | Reached ***** piety under Okawaru
 10330 | Lair:1   | Entered Level 1 of the Lair of Beasts
 10386 | Lair:1   | Found a shadowy altar of Dithmenos.
 10387 | Lair:1   | Noticed an oklob plant
 10404 | Lair:1   | Killed an oklob plant
 10816 | Lair:1   | Received a gift from Okawaru
 11377 | Lair:2   | Noticed a death yak
 11408 | Lair:2   | Noticed Urug
 11414 | Lair:2   | Killed a death yak
 11443 | Lair:2   | Killed Urug
 11443 | Lair:2   | Reached XP level 12. HP: 106/109 MP: 11/11
 11510 | Lair:2   | Found a staircase to the Shoals.
 12159 | Lair:3   | Noticed kmx's ghost (journeyman DsIE)
 12207 | Lair:3   | Killed kmx's ghost
 12307 | Lair:3   | Noticed TheWayOfAllFlesh's ghost (journeyman FoAK)
 12354 | Lair:3   | Killed TheWayOfAllFlesh's ghost
 12400 | Lair:3   | Noticed Nergalle
 12421 | Lair:3   | Killed from afar by Nergalle

Skill      XL: |  1  2  3  4  5  6  7  8  9 10 11 12 |
---------------+-------------------------------------+-----
Fighting       | 3 4 5 6 7 |  7.5
Dodging        | 1 2 |  2.5
Long Blades    | 3 4 5 6 8 9 10 11 | 11.5
Shields        | 4 5 6 8 10 11 | 11.7
Armour         | 4 5 6 7 8 9 |  9.6
Stealth        | 1 |  1.6
Evocations     | 2 |  2.7
Axes           | 4 7 8 |  8.4
Invocations    | 1 |  1.6

Action                   |  1- 3 |  4- 6 |  7- 9 | 10-12 || total
-------------------------+-------+-------+-------+-------++-------
Melee: Long sword        |   137 |   192 |   280 |       ||   609
       Hand axe          |       |       |       |   893 ||   893
       Scimitar          |       |       |       |   227 ||   227
       Double sword      |       |       |       |   141 ||   141
Invok: Heroism           |       |       |       |    17 ||    17
 Abil: Heal Wounds       |     1 |     2 |     8 |     1 ||    12
Evoke: Wand              |       |       |     8 |     4 ||    12
  Use: Scroll            |       |     8 |     8 |     4 ||    20
       Potion            |       |     2 |     2 |     3 ||     7
  Eat: Chunk             |     1 |    20 |     4 |    56 ||    81
       Ration            |       |       |       |     2 ||     2
Armor: Scale mail        |    65 |     6 |       |       ||    71
       Chain mail        |       |    58 |    82 |       ||   140
       Crystal plate arm |       |       |    17 |   758 ||   775
Dodge: Dodged            |    47 |    40 |    36 |   198 ||   321
Block: Shield            |    65 |    78 |   179 |  1093 ||  1415
       Reflection        |       |       |     3 |    12 ||    15
       Rpst.: Long sword |    14 |    16 |    14 |       ||    44
       Scimitar          |       |       |       |     7 ||     7
       Double sword      |       |       |       |     8 ||     8
